 Dungeon Crawl Stone Soup version 0.28.0-53-g5a82cb258f (webtiles) character file.

Game seed: 18408217429370079208

751 Sin92 the Chopper (level 7, -5/55 HPs)
             Began as a Demonspawn Fighter on July 28, 2022.
             Killed from afar by a steam dragon (24 damage)
             ... with a ball of steam
             ... on level 4 of the Dungeon.
             The game lasted 00:08:20 (6044 turns).

Sin92 the Chopper (Demonspawn Fighter)              Turns: 6044, Time: 00:08:20

Health: -5/55      AC: 10    Str: 18    XL:     7   Next: 49%
Magic:  7/7        EV: 10    Int: 10    God:
Gold:   258        SH:  5    Dex: 12    Spells: 6/6 levels left

rFire   . . .      SeeInvis .   a - +1 war axe
rCold   . . .      Faith    .   c - +0 buckler
rNeg    + . .      Spirit   .   b - +1 scale mail
rPois   .          Reflect  .   (helmet restricted)
rElec   .          Harm     .   (no cloak)
rCorr   .          Rampage  .   (no gloves)
Will    .....                   (no boots)
Stlth   ..........              (no amulet)
HPRegen 0.18/turn               n - ring of positive energy
MPRegen 0.10/turn               (no ring)

@: no status effects
A: horns 2, icy blue scales 1
a: no special abilities


You were on level 4 of the Dungeon.
You visited 1 branch of the dungeon, and saw 4 of its levels.
You also visited: Sewer.

You collected 258 gold pieces.

Inventory:

Hand Weapons
 a - a +1 war axe (weapon)
Armour
 b - a +1 scale mail (worn)
 c - a +0 buckler (worn)
Jewellery
 n - a ring of positive energy (left hand)
 p - a ring of fire
 u - an amulet of guardian spirit
Wands
 w - a wand of polymorph (8)
 x - a wand of flame (19)
Scrolls
 h - 3 scrolls of magic mapping {unknown}
 i - a scroll of amnesia {unknown}
 j - 3 scrolls of teleportation {unknown}
 q - 6 scrolls of identify {unknown}
 r - a scroll of blinking
Potions
 d - a potion of might
 e - 2 potions of flight {unknown}
 f - a potion of cancellation
 s - 2 potions of curing {unknown}
 t - a potion of mutation {unknown}
 z - a potion of magic {unknown}


   Skills:
 + Level 4.5 Fighting
 * Level 4.7 Axes
 + Level 4.1 Armour
 + Level 2.7 Dodging
 + Level 4.0 Shields


You had 6 spell levels left.
You didn't know any spells.
Your spell library contained the following spells:

 Spells                   Type           Power      Damage    Failure   Level
 Freeze                   Ice            0%         1d3       83%         1
 Scorch                   Fire           0%         2d5       92%         2
 Tukima's Dance           Hex            0%         N/A       99%         3
 Anguish                  Hex/Necr       0%         N/A       100%        4
 Flame Wave               Conj/Fire      0%         2d4       100%        4
 Summon Cactus Giant      Summ           0%         N/A       100%        6
 Enfeeble                 Hex            0%         N/A       100%        7


Dungeon Overview and Level Annotations

Branches:
Dungeon (4/15)              Sewer (visited)
 Temple: D:4-7

Altars:
Gozag
The Shining One

Shops:
D:2 (


Innate Abilities, Weirdness & Mutations

You have a pair of horns on your head.
You are partially covered in icy blue scales. (AC +2)


Message History

You now have 256 gold pieces (gained 2).
You now have 258 gold pieces (gained 2).
There is an opulent altar of Gozag here.
Things that are here:
a +0 club; a goblin corpse
q - 6 scrolls labelled ORUDUPSENE (gained 2) Key pressed, stopping explore.
No target in view!
A hobgoblin comes into view.
The hobgoblin shouts!
You hear an angry hiss.
You barely miss the hobgoblin. Your headbutt misses the hobgoblin.
The hobgoblin closely misses you.
A hobgoblin is nearby!
You slash the hobgoblin!
You kill the hobgoblin!
You hit the steam dragon. Your headbutt misses the steam dragon.
The steam dragon is lightly wounded.
The steam dragon bites you but does no damage.
You block the steam dragon's attack.
A steam dragon is nearby!
You barely miss the steam dragon.
The steam dragon is lightly wounded.
The steam dragon breathes steam at you. The ball of steam hits you!
You hit the steam dragon. You headbutt the steam dragon.
The steam dragon is moderately wounded.
You are engulfed in a cloud of scalding steam.
The steam dragon barely misses you.
The steam dragon claws you but does no damage.
The steam dragon breathes steam at you. The ball of steam hits you!
You are too injured to fight recklessly!
Unknown command.
You are too injured to fight recklessly!
Unknown command.
You are too injured to fight recklessly!
It was a potion of cancellation.
You feel magically purged. The steam dragon breathes steam at you.
The ball of steam hits you!!
You die...

.........#.###.#
##.##
...####.....##.#
#...###
.###..###...##.#
#._...#
##......##..##.#
#...#.#
....##......##.#
##.##.#
...####....###.#
#.)..#
...####....# #.#
####.#
....##.....#
#.#### #.#
##......##.#
#.§@§# #.#
.###..###..#
####D# #.###
..)####...## #.#
#....
..........# #.#
####.
.>.###.#..# #.#
#. ..## #...##
#)# #. ..# #.###
###.# #.
..####.# #...#
#. .......#
#.#.# #.


You could see a steam dragon (catching breath).

Vanquished Creatures
  A black bear (D:4)
  A necrophage (D:3)
  A phantom (D:4)
  A bullfrog (Sewer)
  A killer bee (D:4)
  A hound (D:4)
  An orc priest (D:4)
  An iguana (D:4)
  An orc wizard (D:4)
  Ijyb (D:3)
  A hound skeleton (D:4)
  Robin (D:2)
  10 adders
  2 ufetubi (D:4)
  An adder skeleton (D:4)
  2 dart slugs
  3 orcs (D:4)
  7 bats
  2 endoplasms (D:2)
  19 giant cockroaches
  9 hobgoblins
  3 jackals (D:1)
  5 kobolds
  7 quokkas
  6 ball pythons
  13 frilled lizards
  22 goblins
  3 rats (D:1)
126 creatures vanquished.

Vanquished Creatures (others)
  A fungus (D:2)
1 creature vanquished.

Grand Total: 127 creatures vanquished

Notes
Turn   | Place    | Note
-------+----------+-------------------------------------------
     0 | D:1      | Sin92 the Demonspawn Fighter began the quest for the Orb.
     0 | D:1      | Reached XP level 1. HP: 18/18 MP: 1/1
   141 | D:1      | Gained mutation: You have a pair of small horns on your
                  | head. [demonic ancestry]
   141 | D:1      | Reached XP level 2. HP: 24/24 MP: 2/2
  1105 | D:2      | Gained mutation: You have a pair of horns on your head.
                  | [demonic ancestry]
  1105 | D:2      | Reached XP level 3. HP: 24/29 MP: 3/3
  1336 | D:2      | Noticed Robin
  1527 | D:2      | Killed Robin
  1530 | D:2      | Reached skill level 1 in Dodging
  1610 | D:2      | Gained mutation: You are partially covered in icy blue
                  | scales. (AC +2) [demonic ancestry]
  1610 | D:2      | Reached XP level 4. HP: 35/35 MP: 4/4
  1794 | D:2      | Found a faded altar of an unknown god.
  1808 | D:2      | Got Plato's Incunabulum of the Glacier
  1841 | D:2      | Found Awkip's Weapon Boutique.
  2634 | D:3      | Noticed a necrophage
  2646 | D:3      | Killed a necrophage
  2647 | D:3      | Reached XP level 5. HP: 36/41 MP: 5/5
  2731 | D:3      | Found a glowing drain.
  2765 | Sewer    | Entered a sewer
  3343 | Sewer    | Reached XP level 6. HP: 30/48 MP: 6/6
  3818 | D:3      | Noticed Ijyb
  3895 | D:3      | Killed Ijyb
  5028 | D:4      | Reached XP level 7. HP: 21/54 MP: 7/7
  5563 | D:4      | Noticed a steam dragon
  5894 | D:4      | Found an opulent altar of Gozag.
  6044 | D:4      | Killed from afar by a steam dragon

Illustrated notes

Levels and vault maps discovered:
D:1:      pf_arrival_petrified_forest, layout_basic
D:2:      layout_loops_corners, basic_altar,
          shapermc_ecumenical_altar_rom_forum, serial_shops,
          nicolae_square_shop, skrybe_limestone_x, minmay_misc_feat_plants,
          kennysheep_generic_room_7, uniq_robin
D:3:      layout_basic, portal_sewer_entry_f, uniq_ijyb
D:4:      minmay_clustersquares, layout_loops_ring, nicolae_gozag_seed_capital,
          minmay_misc_feat_iff

Skill      XL: |  1  2  3  4  5  6  7 |
---------------+----------------------+-----
Axes           | 2 3 4 |  4.7
Armour         | 3 4 |  4.1
Shields        | 3 4 |  4.0
Dodging        | 1 2 |  2.7
Fighting       | 4 |  4.5

Action                   |  1- 3 |  4- 6 |  7- 9 || total
-------------------------+-------+-------+-------++-------
Melee: War axe           |    84 |   197 |    61 ||   342
       Headbutt          |    14 |    22 |     9 ||    45
       Unarmed           |       |    20 |       ||    20
  Use: Potion            |       |       |     4 ||     4
       Scroll            |       |       |     3 ||     3
Armor: Scale mail        |    43 |   109 |    52 ||   204
Dodge: Dodged            |    52 |   103 |    55 ||   210
Block: Buckler           |    30 |    35 |    22 ||    87
